 Dungeon Crawl Stone Soup version 0.15.1-1-gfacfea3 (webtiles) character file.

52 shellcity4813 the Cudgeler (level 3, -1/36 HPs)
             Began as an Ogre Hunter on Sept 20, 2014.
             Was an Initiate of Trog.
             Slain by a giant gecko (4 damage)
             ... on Level 2 of the Dungeon.
             The game lasted 00:13:31 (1542 turns).

shellcity4813 the Cudgeler (Ogre Hunter)            Turns: 1542, Time: 00:13:31

HP  -1/36        AC  4     Str 18      XL: 3   Next: 85%
MP   3/3         EV 10     Int 10      God: Trog [......]
Gold 95          SH  0     Dex 10      Spells:  0 memorised,  2 levels left

rFire  . . .     SeeInvis .     a - +1 club
rCold  . . .     Clarity  .     w - +0 robe
rNeg   . . .     rCorr    .     (shield restricted)
rPois  .         rRot     .     (helmet restricted)
rElec  .         Spirit   .     g - +0 cloak
SustAb .         Warding  .     (gloves unavailable)
rMut   .         Stasis   .     (boots unavailable)
Gourm  .                        (no amulet)
MR     .....                    (no ring)
                                (no ring)

@: not resistant to hostile enchantments, very unstealthy
A: unfitting armour, tough skin 1
a: Burn Spellbooks, Renounce Religion


You were on level 2 of the Dungeon.
You worshipped Trog.
Trog was noncommittal.
You were not hungry.

You visited 1 branch of the dungeon, and saw 2 of its levels.

You collected 95 gold pieces.

Inventory:

Hand weapons
 a - a +1 club (weapon)
 j - a +0 hunting sling
 x - a +0 short sword of freezing
Missiles
 b - 5 large rocks (quivered)
 c - 2 throwing nets
 i - 73 stones
Armour
 d - a +0 animal skin
 g - a +0 cloak (worn)
 w - a +0 robe (worn)
Comestibles
 f - a meat ration
 t - a bread ration
 u - a beef jerky
 z - a chunk of hobgoblin flesh
Scrolls
 e - a scroll of identify {unknown}
 h - a scroll of teleportation {unknown}
 o - a scroll of random uselessness {unknown}
 p - a scroll of magic mapping {unknown}
 r - a scroll of remove curse {unknown}
Potions
 k - a potion of brilliance {unknown}
 l - a potion of might {unknown}
 m - a potion of heal wounds {unknown}
 n - 2 potions of resistance {unknown}
 q - a potion of haste {unknown}
 s - a potion of restore abilities {unknown}


   Skills:
 - Level 2.6 Fighting
 + Level 4.7 Maces & Flails
 - Level 4.3 Throwing
 - Level 1.7 Dodging
 - Level 0.7 Stealth


You had 2 spell levels left.
You didn't know any spells.

Dungeon Overview and Level Annotations

Branches:
Dungeon (2/15)

Altars:
Trog


Innate Abilities, Weirdness & Mutations

You are too large for most types of armour.
You have tough skin (AC +1).


Message History

The giant gecko bites you but does no damage. x2
You hit the giant gecko.
The giant gecko is severely wounded.
The giant gecko bites you but does no damage.
The giant gecko closely misses you.
You closely miss the giant gecko.
The giant gecko is severely wounded.
The giant gecko barely misses you.
The giant gecko hisses menacingly.
The giant gecko closely misses you. x2
You hit the giant gecko.
You kill the giant gecko!
Trog accepts your kill. The giant gecko bites you.
* * * LOW HITPOINT WARNING * * *
The giant gecko closely misses you.
You see here a kobold corpse.
The giant gecko barely misses you.
You open the door. The giant gecko bites you.
You die...

>..=........#
............# #####
########...# ......
#.#.##....... .
#.#..#....... .[.
#.#..#.......
......#######.#..#........
...........%..l..(........
......#########@#(####.#..
### ########'#)## .
#...........# .#
#...........## .#
#............##.#
#...............+
#..........#..#.#
#..........##.#.#
#..........##.#.#


You could see a giant gecko.

Vanquished Creatures
  An adder (D:2)
  A worm (D:2)
  2 giant geckos
  An ooze (D:2)
  A giant cockroach (D:1)
  3 goblins (D:1)
  3 hobgoblins
  2 jackals (D:1)
  7 bats
  2 giant newts (D:1)
  7 kobolds
  4 rats
34 creatures vanquished.

Notes
Turn   | Place    | Note
--------------------------------------------------------------
     0 | D:1      | shellcity4813, the Ogre Hunter, began the quest for the Orb.
     0 | D:1      | Reached XP level 1. HP: 22/22 MP: 1/1
   219 | D:1      | Reached XP level 2. HP: 13/29 MP: 2/2
   911 | D:2      | Reached XP level 3. HP: 24/36 MP: 3/3
  1204 | D:2      | Found a bloodstained altar of Trog.
  1218 | D:2      | Became a worshipper of Trog the Wrathful
  1542 | D:2      | Slain by a giant gecko

Action                   || total
-------------------------++-------
Melee: Club              ||   145
Throw: Large rock        ||     4
  Eat: Chunk             ||     2
